 Dungeon Crawl Stone Soup version 0.30.1-9-gdf580d7c3d (webtiles) character file.

Game seed: 14429540974628324330

90 jagang the Trooper (level 4, -1/35 HPs)
             Began as a Human Fighter on Sept 27, 2023.
             Splashed by a jelly's acid (5 damage)
             ... on level 3 of the Dungeon.
             The game lasted 00:06:47 (2005 turns).

jagang the Trooper (Human Fighter)                  Turns: 2005, Time: 00:06:51

Health: -1/35      AC:  1    Str: 19    XL:     4   Next: 85%
Magic:  4/4        EV:  9    Int:  8    God:
Gold:   181        SH:  4    Dex: 12    Spells: 3/3 levels left

rFire   . . .        a - +0 long sword
rCold   . . .        c - +0 buckler
rNeg    . . .        b - +0 scale mail
rPois   +            (no helmet)
rElec   .            o - +0 cloak
rCorr   .            (no gloves)
SInv    .            u - +0 pair of boots
Will    .....        (no amulet) Stlth
                     e - ring of poison resistance
HPRegen 0.25/turn    (no ring)
MPRegen 0.09/turn

%: no passive effects
@: corroded
A: no striking features
a: no special abilities


You were on level 3 of the Dungeon.
You visited 1 branch of the dungeon, and saw 3 of its levels.

You collected 181 gold pieces.

Inventory:

Hand Weapons
 a - a +0 long sword (weapon)
Missiles
 m - a throwing net (quivered)
Armour
 b - a +0 scale mail (worn)
 c - a +0 buckler (worn)
 o - a +0 cloak (worn)
 u - a +0 pair of boots (worn)
Jewellery
 e - a ring of poison resistance (left hand)
Scrolls
 h - 2 scrolls of fear {unknown}
 j - 2 scrolls of teleportation {unknown}
 k - a scroll of brand weapon {unknown}
 l - a scroll of enchant armour {unknown}
 n - 2 scrolls of butterflies {unknown}
 r - a scroll of blinking {unknown}
 v - a scroll of poison {unknown}
Potions
 d - a potion of might
 f - a potion of brilliance {unknown}
 g - 3 potions of cancellation {unknown}
 i - a potion of lignification {unknown}
 p - a potion of resistance {unknown}
 q - 3 potions of heal wounds {unknown}
 s - a potion of flight {unknown}
 t - a potion of curing {unknown}


   Skills:
 + Level 3.5 Fighting
 * Level 3.2 Long Blades
 + Level 3.5 Armour
 + Level 3.5 Shields


You had 3 spell levels left.
You didn't know any spells.
Your spell library contained the following spells:

 Spells                   Type           Power      Damage    Failure   Level
 Lesser Beckoning         Tloc           0%         N/A       94%         2
 Gell's Gravitas          Tloc           0%         N/A       99%         3
 Stone Arrow              Conj/Erth      0%         3d7       99%         3
 Teleport Other           Tloc           0%         N/A       99%         3
 Animate Armour           Summ/Erth      0%         N/A       100%        4
 Lehudib's Crystal Spear  Conj/Erth      0%         10d2      100%        8


Dungeon Overview and Level Annotations

Branches:
Dungeon (3/15)

Altars:

Shops:
D:1 =

Annotations:
D:2 Sigmund


Message History

Things that are here:
a +0 whip; a kobold corpse
Found 4 gold pieces.
You now have 181 gold pieces (gained 4).
You open the door.
There is an open door here.
There is an escape hatch in the floor here.
Things that are here:
a +0 club; a +0 scale mail You see here a +0 leather armour.
You see here the +1 robe of the Iron Devil {rElec Archmagi}.
You see here a +0 dagger.
A hobgoblin comes into view.
Found a stone staircase leading down.
The hobgoblin shouts!
You closely miss the hobgoblin. You block the hobgoblin's attack.
You slash the hobgoblin!
You kill the hobgoblin!
No target in view!
You see here a hobgoblin corpse.
There is an open door here.
A jelly comes into view.
The jelly barely misses you.
There is an open door here.
You slash the jelly!
Your hands burn!
The jelly is heavily wounded.
The jelly hits you. The acid corrodes you!
You are splashed with acid!
The jelly hits you. The acid corrodes you!
You are splashed with acid.
You are too injured to fight recklessly!
The jelly attacks as you move away! The jelly hits you. The acid corrodes you!
You are splashed with acid.
* * * LOW HITPOINT WARNING * * *
You are too injured to fight recklessly!
You hit the jelly.
Your hands burn!
* * * LOW HITPOINT WARNING * * *
The jelly is heavily wounded.
The jelly hits you.
* * * LOW HITPOINT WARNING * * *
You are splashed with acid.
You die...

†....# ... .....#
#.# #..### #.# ##.#
##.## ##.# ... ##.#
#.# ##.##
#######'## ##..#
#......J.# #...####
#......@.# ..#....#
#........#
.#####.###........#
## #..########'## #
##..# ##...#
##.####..###
#..†...######
#####.>.......
##########


You could see a jelly.

Vanquished Creatures
  3 adders
  3 worms (D:2)
  A dart slug (D:3)
  An orc (D:3)
  6 endoplasms
  3 giant cockroaches
  5 goblins
  8 hobgoblins
  A quokka (D:1)
  2 ball pythons
  2 bats (D:1)
  3 frilled lizards
  6 kobolds
  3 rats
47 creatures vanquished.

Notes
Turn   | Place    | Note
-------+----------+-------------------------------------------
     0 | D:1      | jagang the Human Fighter began the quest for the Orb.
     0 | D:1      | Reached XP level 1. HP: 18/18 MP: 1/1
    80 | D:1      | Reached XP level 2. HP: 24/24 MP: 2/2
   442 | D:1      | Found Bomao's Jewellery Shoppe.
   454 | D:1      | Reached XP level 3. HP: 28/29 MP: 3/3
  1098 | D:2      | Reached XP level 4. HP: 26/35 MP: 4/4
  1346 | D:2      | Noticed Sigmund
  1573 | D:3      | Identified the +1 robe of the Iron Devil {rElec Archmagi}
  2005 | D:3      | Splashed by a jelly's acid

Illustrated notes

Levels and vault maps discovered:
D:1:      tarquinn_simple_flora_water_d, layout_basic, serial_shops, shop_statue
D:2:      layout_rooms, serial_curves, eino_curves_04, eino_curves_03,
          eino_curves_01, eino_curves_02, basic_altar, minmay_nonomino_d4,
          uniq_sigmund
D:3:      minmay_inner_zag, layout_basic, kennysheep_cluttered_room

Skill      XL: |  1  2  3  4 |
---------------+-------------+-----
Long Blades    | 3 |  3.2
Fighting       | |  3.5
Armour         | |  3.5
Shields        | |  3.5

Action                     |  1- 3 |  4- 6 || total
---------------------------+-------+-------++-------
  Melee: Long sword        |    85 |    70 ||   155
 Armour: Scale mail        |    25 |    21 ||    46
  Dodge: Dodged            |    37 |    24 ||    61
  Block: Buckler           |    18 |    14 ||    32
